 Dungeon Crawl Stone Soup version 0.23.2-1-ga50397a6bc (webtiles) character file.

Game seed: 15318283732586368862

666 Jukra the Slasher (level 7, -4/62 HPs)
             Began as a Minotaur Berserker on May 17, 2019.
             Was a High Priest of Trog.
             Slain by a killer bee (7 damage)
             ... on level 5 of the Dungeon.
             The game lasted 00:12:18 (4626 turns).

Jukra the Slasher (Minotaur Berserker)              Turns: 4626, Time: 00:12:20

Health: -4/62      AC: 12    Str: 23    XL:     7   Next: 31%
Magic:  6/6        EV:  8    Int:  4    God:    Trog [*****.]
Gold:   199        SH:  0    Dex: 10    Spells: 6/6 levels left

rFire    . . .     SeeInvis .   a - +0 falchion
rCold    . . .     Gourm    .   (no shield)
rNeg     . . .     Faith    .   y - +0 plate armour
rPois    .         Spirit   .   (helmet restricted)
rElec    .         Reflect  .   (no cloak)
rCorr    .         Harm     .   (no gloves)
MR       .....                  (no boots)
Stlth    ..........             (no amulet)
HPRegen  0.20/turn              (no ring)
MPRegen  0.10/turn              (no ring)

@: lethally poisoned (-4 -> -35)
A: retaliatory headbutt, horns 2
a: Berserk, Trog's Hand, Brothers in Arms, Renounce Religion


You were on level 5 of the Dungeon.
You worshipped Trog.
Trog was extremely pleased with you.
You were not hungry.

You visited 1 branch of the dungeon, and saw 5 of its levels.
You also visited: Ossuary.

You collected 199 gold pieces.

Inventory:

Hand Weapons
 a - a +0 falchion (weapon)
 l - a +3 hunting sling
Missiles
 h - 54 sling bullets
Armour
 b - a +0 animal skin
 n - a +0 ring mail
 y - a +0 plate armour (worn)
Jewellery
 d - a cursed -2 ring of intelligence {unknown}
 j - an uncursed ring of magical power {unknown}
 p - a cursed ring of teleportation {unknown}
Scrolls
 e - 6 scrolls of identify {unknown}
 f - a scroll of enchant armour {unknown}
 g - 7 scrolls of remove curse {unknown}
 i - 2 scrolls of fog {unknown}
 o - a scroll of enchant weapon {unknown}
 s - a scroll of magic mapping {unknown}
 u - 3 scrolls of teleportation {unknown}
 w - a scroll of fear {unknown}
Potions
 k - 2 potions of mutation {unknown}
 m - a potion of berserk rage
 q - a potion of flight {unknown}
 r - a potion of brilliance {unknown}
 t - a potion of invisibility {unknown}
 v - a potion of curing {unknown}
 x - 3 potions of ambrosia {unknown}
Comestibles
 c - 9 rations


   Skills:
 + Level 5.8 Fighting
 + Level 7.0 Long Blades
 + Level 4.8 Armour
 + Level 3.9 Dodging
 + Level 1.2 Stealth


You had 6 spell levels left.
You didn't know any spells.
Your spell library contained the following spells:

 Spells                   Type           Power        Failure   Level  Hunger
 Animate Skeleton         Necr           N/A          100%        1    ##.....
 Apportation              Tloc           #.....       100%        1    ##.....
 Confusing Touch          Hex            #.....       100%        1    ##.....
 Summon Small Mammal      Summ           #...         100%        1    ##.....


Dungeon Overview and Level Annotations

Branches:
Dungeon (5/15)
 Temple: D:4-7

Altars:
Gozag
Nemelex Xobeh
Wu Jian
Xom

Annotations:
D:5 1 runed translucent door


Innate Abilities, Weirdness & Mutations

You reflexively headbutt those who attack you in melee.
You have a pair of horns on your head.


Message History

The killer bee stings you.
* * * LOW HITPOINT WARNING * * *
The killer bee closely misses you.
You hit the killer bee but do no damage.
You feel sick. The killer bee stings you.
* * * LOW HITPOINT WARNING * * *
You are lethally poisoned!
The killer bee poisons you! The killer bee stings you.
* * * LOW HITPOINT WARNING * * *
You are more poisoned.
The killer bee poisons you! The killer bee closely misses you.
The killer bee stings you but does no damage. x2
You completely miss the killer bee.
* * * LOW HITPOINT WARNING * * *
You feel sick. The killer bee barely misses you. The killer bee stings you.
* * * LOW HITPOINT WARNING * * *
You are more poisoned.
The killer bee poisons you! The killer bee barely misses you.
The killer bee stings you!
You die...

....#.......#...$?..#
....#.......#....... ..
....#.......#########..
....#.................
....'...............+
....#...............#
....#...............#
....##########...y..#
............ #..@y..#
............
#.y††......
............
#..........
####........
##+######.. #........ +
########+


You could see 3 killer bees.

Vanquished Creatures
  2 killer bees (D:5)
  A hound (D:4)
  2 orc priests
  2 worker ants
  9 big kobold zombies (Ossuary)
  A mummy (Ossuary)
  4 gnolls (D:2)
  7 adders
  2 oozes (D:1)
  4 worms
  A dart slug (D:1)
  A leopard gecko (D:3)
  13 orcs
  5 spectral bats (Ossuary)
  A ball python (D:2)
  4 giant cockroaches
  3 gnoll zombies (Ossuary)
  6 goblins
  6 hobgoblins
  4 jackals (D:3)
  3 quokkas
  9 bats
  2 bat simulacra (Ossuary)
  4 frilled lizards
  5 goblin simulacra (Ossuary)
  6 goblin zombies (Ossuary)
  5 hobgoblin zombies (Ossuary)
  9 kobolds
  3 kobold simulacra (Ossuary)
  7 kobold zombies
  An orc zombie (Ossuary)
  10 rats
  6 rat simulacra (Ossuary)
  4 spectral goblins (Ossuary)
  3 spectral kobolds (Ossuary)
  3 spectral rats (Ossuary)
158 creatures vanquished.

Notes
Turn   | Place    | Note
-------+----------+-------------------------------------------
     0 | D:1      | Jukra the Minotaur Berserker began the quest for the Orb.
     0 | D:1      | Reached XP level 1. HP: 19/19 MP: 0/0
    65 | D:1      | Reached skill level 4 in Long Blades
    65 | D:1      | Reached XP level 2. HP: 18/27 MP: 1/1
   532 | D:1      | Reached XP level 3. HP: 33/33 MP: 2/2
   986 | D:2      | Reached ** piety under Trog
  1007 | D:2      | HP: 2/51 [gnoll (4)]
  1010 | D:2      | Reached XP level 4. HP: 1/41 MP: 3/3
  1389 | D:2      | Reached skill level 5 in Long Blades
  1563 | D:2      | Found an ornate altar of the Wu Jian Council.
  1563 | D:2      | Found a shimmering altar of Xom.
  1563 | D:2      | Found a sparkling altar of Nemelex Xobeh.
  1780 | D:2      | Reached XP level 5. HP: 39/47 MP: 4/4
  2553 | D:3      | Reached skill level 5 in Fighting
  2553 | D:3      | Reached skill level 1 in Stealth
  2581 | D:3      | Reached *** piety under Trog
  3470 | D:4      | Reached XP level 6. HP: 53/56 MP: 5/5
  3528 | D:4      | Reached skill level 6 in Long Blades
  3540 | D:4      | Found a sand-covered staircase.
  3550 | Ossuary  | Entered an ossuary
  3664 | Ossuary  | Reached **** piety under Trog
  3855 | Ossuary  | Reached XP level 7. HP: 62/62 MP: 6/6
  3922 | Ossuary  | Reached ***** piety under Trog
  4050 | D:4      | Found an opulent altar of Gozag.
  4544 | D:5      | Entered Level 5 of the Dungeon
  4548 | D:5      | Found a runed translucent gate.
  4621 | D:5      | Reached skill level 7 in Long Blades
  4626 | D:5      | HP: 3/62 [killer bee (5)]
  4626 | D:5      | Slain by a killer bee

Skill      XL: |  1  2  3  4  5  6  7 |
---------------+----------------------+-----
Long Blades    | 4 5 6 7 |  7.0
Fighting       | 4 5 |  5.8
Dodging        | 3 |  3.9
Armour         | 3 4 |  4.8
Stealth        | 1 |  1.2

Action                   |  1- 3 |  4- 6 |  7- 9 || total
-------------------------+-------+-------+-------++-------
Melee: Falchion          |    50 |   257 |    32 ||   339
       Headbutt          |    10 |    64 |     5 ||    79
Invok: Berserk           |     1 |     1 |       ||     2
       Trog's Hand       |       |     1 |       ||     1
 Stab: Sleeping          |       |     1 |       ||     1
  Eat: Chunk             |       |     9 |     2 ||    11
       Ration            |       |     1 |       ||     1
Armor: Animal skin       |    11 |     5 |       ||    16
       Ring mail         |       |    46 |     6 ||    52
       Plate armour      |       |       |    15 ||    15
Dodge: Dodged            |    36 |   134 |    35 ||   205
       Rpst.: Falchion   |     8 |    31 |    15 ||    54
